Unix NetHack Version 5.0.0-0 post-release - last build May 31 2026 23:59:36 (970b52f25bf058293b47ddfd14a1e40e571c508c,branch:main).

Game began 2026-06-02 05:46:27, ended 2026-06-02 05:51:50.

Enkindle23, neutral female human Tourist

 -----
 |.<.|                              ---------                      -----------
 |....###                           ........|                     #..........|
 |...|  ##     ----------------     |.......|                   ###|.........|
 |...|   #     |...{..........|     |.......|                   #  -.---------
 -----   #     |..............|     |.......|                   #   #####
         ######-..............|    #.........#                  #       #
               ---.------------    #---------#                  #       ####
                  #                #         #            -----##          #
                  ###              ##        #        ####...>|#           %
                    #               #        #        #   |....#      -----Z-
                    ######          #        ##      ##   |...|       |....)|
                         ####       ##        #------#    ----- $     |...@b|
   $$                -------.--------#        #.....|#                |...f@|
   $$                |..............|#         |....|#                -------
                     |..............|#         |.....#
                     |...............#   $     ------
                     ----------------

Enkindle23 the Sightseer    St:11 Dx:10 Co:11 In:12 Wi:13 Ch:18  Neutral
Dlvl:2  $:0  HP:0(26) Pw:12(12) AC:9  Xp:3 T:414 

Latest messages:
 The kobold zombie misses Maganasipi.
 The kobold zombie misses Maganasipi.
 The kobold zombie misses Maganasipi.
 The kobold zombie misses Maganasipi.
 In what direction? 9
 The dart hits Maganasipi!
 Maganasipi gets angry!
 The kobold zombie misses Maganasipi.
 Maganasipi zaps an iridium wand!
 The wand misses you.
 What do you want to use or apply? [lmwyE or ?*] l
 In what direction? 9
 Maganasipi is blinded by the flash!
 Welcome to experience level 3.
 Maganasipi drinks a potion of extra healing!
 Maganasipi can see again.
 Maganasipi looks much better.
 Maganasipi zaps an iridium wand!
 The wand hits you!
 What do you want to read? [jvB or ?*] ?
 As you read the scroll, it disappears.
 An acid blob suddenly appears next to you!
 The kobold zombie misses Maganasipi.
 Maganasipi zaps a wand of striking!
 The wand misses you.
 What do you want to read? [jB or ?*] B
 As you read the scroll, it disappears.
 You feel very greedy, and sense gold!
 (For instructions type a '?')
 Move cursor to gold:
 Done.
 Maganasipi zaps a wand of striking!
 The wand hits you!
 You see here a pair of hiking boots (for sale, 48 zorkmids).
 What do you want to use or apply? [lmwyE or ?*] ?
 In what direction? 7
 Maganasipi is blinded by the flash!
 Maganasipi drinks a puce potion!
 Maganasipi can see again.
 Maganasipi looks better.
 Maganasipi is blinded by the flash!
 Maganasipi zaps a wand of striking!
 The wand hits you!
 You die...
 Maganasipi takes all your possessions.
 Do you want to see what you had when you died? [ynq] (y) n
 Do you want to see your attributes? [ynq] (y) y
 Do you want an account of creatures vanquished? [ynaq] (y) y
 Do you want to see your conduct and achievements? [ynq] (y) y
 Do you want to see the dungeon overview? [ynq] (y) y

Inventory:
 Weapons  (')')
  t - a burnt +0 crossbow
  a - 31 +2 darts (at the ready)
  s - 14 +0 darts
  n - a +0 mace (weapon in right hand)
 Armor    ('[')
  u - an uncursed +0 pair of elven boots (being worn)
  k - an uncursed +0 Hawaiian shirt with a hibiscus flower motif
 Comestibles  ('%')
  F - an uncursed slime mold
  f - 2 uncursed apples
  e - an uncursed clove of garlic
  b - 3 uncursed food rations
  C - an uncursed food ration
  h - 3 uncursed fortune cookies
  c - 4 uncursed lembas wafers
  g - 3 uncursed tripe rations
  p - an uncursed lichen corpse
 Scrolls  ('?')
  j - 4 uncursed scrolls of magic mapping
 Potions  ('!')
  i - 2 uncursed potions of extra healing
  A - a cursed potion of gain energy
  o - an uncursed potion of levitation
  D - a blessed potion of restore ability
  z - an uncursed potion of water
 Wands    ('/')
  w - a wand of cold (0:6)
 Tools    ('(')
  m - an uncursed credit card
  l - an expensive camera (0:63)
  y - an uncursed tin whistle
  E - an uncursed towel
 Gems/Stones  ('*')
  x - an uncursed worthless piece of yellow glass
  r - 2 uncursed worthless pieces of yellowish brown glass

Enkindle23 the Tourist's attributes:

Background:
 You were a Sightseer, a level 3 female human Tourist.
 You were neutral, on a mission for The Lady
 who was opposed by Blind Io (lawful) and Offler (chaotic).
 You were right-handed.
 You were in the Dungeons of Doom, on level 2.
 You entered the dungeon 414 turns ago.
 It was nighttime.
 There was a full moon in effect when your adventure ended.
 You had 79 experience points, 1 more was needed to attain level 4.

Basics:
 You had 0 out of 26 hit points.
 You had all 12 energy points (spell power).
 Your armor class was 9.
 Your wallet was empty.
 Autopickup was off.

Final Characteristics:
 Your strength was 11 (limit:18/100).
 Your dexterity was 10 (limit:18).
 Your constitution was 11 (limit:18).
 Your intelligence was 12 (limit:18).
 Your wisdom was 13 (limit:18).
 Your charisma was 18 (limit:18).

Final Status:
 You weren't hungry.
 You were unencumbered.
 You were wielding a mace.
 You were unskilled in mace.

Final Attributes:
 You were fervently aligned.
 You were stealthy.
 You were lucky.
 You are dead.

Miscellaneous:
 You didn't encounter any bones levels.
 Total elapsed playing time was 5 minutes and 22 seconds.

Major events:
 Turn
    1: Enkindle23 the neutral female human Tourist entered the dungeon
  409: attained the rank of Sightseer (level 3)
  414: killed by a wand

You didn't know any spells.

Skills:
 Fighting Skills
   bare handed combat [Unskilled]
   two weapon combat  [Unskilled]
   riding             [Unskilled]
 Weapon Skills
   dagger             [Unskilled]
   knife              [Unskilled]
   axe                [Unskilled]
   pick-axe           [Unskilled]
   short sword        [Unskilled]
   broadsword         [Unskilled]
   long sword         [Unskilled]
   two-handed sword   [Unskilled]
   saber              [Unskilled]
   mace               [Unskilled]
   morning star       [Unskilled]
   flail              [Unskilled]
   hammer             [Unskilled]
   quarterstaff       [Unskilled]
   polearms           [Unskilled]
   spear              [Unskilled]
   trident            [Unskilled]
   lance              [Unskilled]
   bow                [Unskilled]
   sling              [Unskilled]
   crossbow           [Unskilled]
   dart               [Basic]
   shuriken           [Unskilled]
   boomerang          [Unskilled]
   whip               [Unskilled]
   unicorn horn       [Unskilled]
 Spellcasting Skills
   divination spells  [Unskilled]
   enchantment spells [Unskilled]
   escape spells      [Unskilled]

Voluntary challenges:
 Character rerolling was not enabled.
 You were vegetarian.
 You were an atheist.
 You never genocided any monsters.
 You never polymorphed an object.
 You never changed form.
 You used no wishes.
Achievements:
 You entered a shop.
 You attained the rank of Sightseer.

 The Dungeons of Doom: levels 1 to 3
    Level 1:
       A fountain.
    Level 2: <- You were here.
       A general store, a fountain.
       Final resting place for
          you, killed by a wand.
    Level 3:


Vanquished creatures:
  2 kobolds
  a goblin
  2 lichens
  a kobold zombie
6 creatures vanquished.

No species were genocided or became extinct.

Game over:
                       ----------
                      /          \
                     /    REST    \
                    /      IN      \
                   /     PEACE      \
                  /                  \
                  |    Enkindle23    |
                  |       0 Au       |
                  | killed by a wand |
                  |                  |
                  |                  |
                  |                  |
                  |       2026       |
                 *|     *  *  *      | *
        _________)/\\_//(\/(/\)/\//\/|_)_______

Aloha Enkindle23 the Tourist...

You died in The Dungeons of Doom on dungeon level 2 with 992 points,
and 0 pieces of gold, after 414 moves.
You were level 3 with a maximum of 26 hit points when you died.

